 Dungeon Crawl Stone Soup version 0.30.1 (webtiles) character file.

Game seed: 1860686424250752512

98 Graphine the Shooter (level 4, -6/38 HPs)
             Began as a Minotaur Hunter on July 5, 2023.
             Mangled by an ice beast (14 damage)
             ... on level 4 of the Dungeon.
             The game lasted 00:03:50 (1992 turns).

Graphine the Shooter (Minotaur Hunter)              Turns: 1992, Time: 00:03:51

Health: -6/38      AC:  4    Str: 15    XL:     4   Next: 43%
Magic:  3/3        EV: 12    Int:  6    God:
Gold:   142        SH:  0    Dex: 16    Spells: 3/3 levels left

rFire   . . .        a - +1 shortbow (freeze)
rCold   . . .        (shield currently unavailable)
rNeg    . . .        c - +1 leather armour
rPois   .            (helmet restricted)
rElec   .            (no cloak)
rCorr   .            (no gloves)
SInv    .            (no boots)
Will    .....        (no amulet)
Stlth   +            k - ring of flight
HPRegen 0.26/turn    (no ring)
MPRegen 0.08/turn

%: no passive effects
@: flying
A: horns 2, retaliatory headbutt
a: no special abilities


You were on level 4 of the Dungeon.
You visited 1 branch of the dungeon, and saw 4 of its levels.

You collected 142 gold pieces.

Inventory:

Hand Weapons
 a - a +1 shortbow of freezing (weapon)
Armour
 c - a +1 leather armour (worn)
 n - the +0 robe "Woocvypu" {rPois Int+3 Stlth+}
   (You found it on level 2 of the Dungeon)

   Int:       It affects your intelligence (+3).
   rPois:     It protects you from poison.
   Stlth:     It makes you more stealthy.
Jewellery
 k - a ring of flight (left hand)
Scrolls
 b - a scroll of immolation
 e - 2 scrolls of identify
Potions
 f - 4 potions of curing
 g - a potion of lignification {unknown}
 h - a potion of mutation
 i - a potion of heal wounds {unknown}
 j - 2 potions of flight {unknown}
 l - 2 potions of magic {unknown}
 m - a potion of degeneration {unknown}
 o - a potion of ambrosia {unknown}
 p - a potion of might {unknown}


   Skills:
 + Level 3.4 Fighting
 * Level 5.2 Ranged Weapons
 + Level 2.0 Armour
 + Level 3.0 Dodging
 - Level 0.7 Stealth


You had 3 spell levels left.
You didn't know any spells.
Your spell library contained the following spells:

 Spells                   Type           Power      Damage    Failure   Level
 Hailstorm                Conj/Ice       0%         3d3       88%         3
 Ice Form                 Ice/Tmut       0%         N/A       99%         4
 Simulacrum               Ice/Necr       0%         N/A       100%        6


Dungeon Overview and Level Annotations

Branches:
Dungeon (4/15)
 Temple: D:4-7

Altars:

Shops:
D:1 ?   D:2 [


Innate Abilities, Weirdness & Mutations

You have a pair of horns on your head.
You reflexively headbutt those who attack you in melee.


Message History

Your Dodging skill increases to level 3!
You shoot an arrow.
The arrow hits the orc but does no damage.
You shoot an arrow. The arrow barely misses the orc.
The orc misses you. The orc barely misses you. You furiously retaliate!
You headbutt the orc. You shoot an arrow.
The arrow hits the orc but does no damage.
The orc is almost dead.
The orc closely misses you. You furiously retaliate!
You headbutt the orc, but do no damage. You shoot an arrow.
The arrow hits the orc.
The arrow freezes the orc.
You kill the orc!
No target in view!
HP restored.
You now have 142 gold pieces (gained 11).
You reach down and open the door.
There is an open door here.
You reach down and open the door.
There is an open door here.
You reach down and open the door.
There is an open door here.
You reach down and open the door.
There is an open door here.
You reach down and open the door.
An ice beast comes into view.
You shoot an arrow. The arrow hits the ice beast.
The ice beast is lightly wounded.
You shoot an arrow. The arrow hits the ice beast.
The ice beast is lightly wounded.
You shoot an arrow. The arrow barely misses the ice beast.
The ice beast hits you. The ice beast freezes you!
You shoot an arrow. The arrow barely misses the ice beast.
The ice beast hits you. The ice beast freezes you!
You are too injured to fight recklessly!
You are too injured to fight recklessly!
Okay, then.
The ice beast attacks as you move away! The ice beast hits you.
* * * LOW HITPOINT WARNING * * *
The ice beast freezes you!
You die...

... +....#...'..'...#
...#####....#####..###+#
#.............##..##
#...........<.#....#
#.........))..#....#
#...........).#....#
#.............#'####..
#......................
##############@........
......Y.........
......#.........
......#.......## .....
#......## #.##. #......#
# # #.+##### #.#


You could see an ice beast.

Vanquished Creatures
  An orc wizard (D:4)
  3 adders
  A worm (D:3)
  2 dart slugs
  2 orcs (D:4)
  An endoplasm (D:1)
  5 giant cockroaches
  3 goblins
  A hobgoblin (D:2)
  5 kobolds
  A quokka (D:2)
  5 ball pythons
  4 bats
  A frilled lizard (D:1)
  4 rats
39 creatures vanquished.

Notes
Turn   | Place    | Note
-------+----------+-------------------------------------------
     0 | D:1      | Graphine the Minotaur Hunter began the quest for the Orb.
     0 | D:1      | Reached XP level 1. HP: 18/18 MP: 0/0
   110 | D:1      | Reached XP level 2. HP: 20/25 MP: 1/1
   132 | D:1      | Found Voypases's Magic Scroll Shoppe.
   426 | D:1      | Reached skill level 1 in Armour
   687 | D:2      | Found Effu's Armour Shop.
   972 | D:2      | Identified the +0 robe "Woocvypu" {rPois Int+3 Stlth+}
  1030 | D:2      | Reached XP level 3. HP: 31/31 MP: 2/2
  1301 | D:2      | Found a faded altar of an unknown god.
  1401 | D:3      | Reached skill level 5 in Ranged Weapons
  1639 | D:3      | Reached XP level 4. HP: 38/38 MP: 3/3
  1987 | D:4      | Noticed an ice beast
  1992 | D:4      | Mangled by an ice beast

Illustrated notes

Levels and vault maps discovered:
D:1:      matt_arrival_diagonals, layout_basic, serial_shops,
          nicolae_square_shop
D:2:      layout_loops_ring, shapermc_ecumenical_altar_mp_vishouse,
          serial_shops, shop
D:3:      layout_loops_cross
D:4:      layout_gridville, mainiacjoe_overflow_swirl,
          minmay_temple_entry_butterflies, ebering_ghost_reflecting_pool,
          minmay_quantized

Skill      XL: |  1  2  3  4 |
---------------+-------------+-----
Armour         | 1 2 |  2.0
Fighting       | 3 |  3.4
Ranged Weapons | 5 |  5.2
Dodging        | 3 |  3.0
Stealth        | |  0.7

Action                     |  1- 3 |  4- 6 || total
---------------------------+-------+-------++-------
   Fire: Shortbow          |    85 |    21 ||   106
    Use: Scroll            |     6 |     1 ||     7
 Armour: Leather armour    |     5 |       ||     5
         Robe              |     1 |       ||     1
  Dodge: Dodged            |    17 |     5 ||    22
